Map: 16 bitów ER

Players

Softbzero - Winner!

  • Race: Protoss Protoss
  • League: Diamond
  • Spawn Location: 7:00

Wobeen

  • Race: Terran Terran
  • League: Diamond
  • Spawn Location: 1:00

VOD

Have the link to the VOD?

Description

Time

  • Played on: July 1, 2018, 4:06 p.m.
  • Length: 4:57
Show
View Real Time Build Order
Export as new Build Order

Softbzero Protoss - Winner!

Build Orders: Dark Templar Rush 

Get SALT Encoding   

  12  0:01  Probe  
  13  0:14  Probe  
  14  0:24  Pylon  
  15  0:28  Probe  
  15  0:39  Probe  
  16  0:45  Assimilator  
  16  0:47  Probe  
  16  0:50  Gateway  
  16  0:56  Probe  
  18  1:04  Assimilator  
  18  1:05  Probe  
  19  1:13  Probe  
  20  1:23  Probe  
  21  1:28  Pylon  
  21  1:39  Cybernetics Core  
  21  1:43  Probe  
  22  2:00  Probe  
  23  2:04  Warp Gate  
  23  2:12  Probe  
  24  2:17  Twilight Council  
  24  2:19  Gateway  
  24  2:27  Pylon  
  24  2:30  Probe  
  25  2:48  Pylon  
  25  2:53  Gateway  
  25  2:57  Dark Shrine  
  25  3:00  Robotics Facility  
  25  3:22  Forge  
  25  3:35  Gateway  
  25  3:42  Warp Prism  
  27  3:57  Photon Cannon  
  27  4:12  Dark Templar x3  
  33  4:47  Stalker x3  
Show
View Real Time Build Order
Export as new Build Order

Wobeen Terran 

Build Orders: Command Center First (CC) 

Get SALT Encoding   

  12  0:01  SCV  
  13  0:14  SCV  
  14  0:22  Supply Depot  
  14  0:26  SCV  
  15  0:44  SCV  
  16  0:56  SCV  
  17  1:08  SCV, Command Center  
  18  1:21  SCV  
  18  1:22  Barracks  
  19  1:31  Refinery  
  19  1:33  SCV  
  20  1:45  SCV  
  21  1:58  SCV  
  22  2:10  SCV  
  22  2:13  Barracks Tech Lab  
  23  2:18  Barracks, Supply Depot  
  23  2:22  SCV  
  24  2:23  SCV  
  25  2:33  Marine  
  26  2:38  SCV  
  26  2:40  Orbital Command  
  25  2:51  Orbital Command  
  27  2:52  Refinery  
  27  2:54  Marine  
  28  3:05  Barracks Reactor  
  28  3:10  SCV  
  29  3:15  Marine  
  30  3:20  SCV  
  30  3:22  SCV  
  32  3:32  SCV  
  33  3:34  Factory  
  33  3:38  SCV  
  33  3:39  Marine, Engineering Bay  
  35  3:44  SCV  
  35  3:46  Marine  
  35  3:47  Marine  
  38  3:50  SCV  
  39  3:56  SCV  
  39  3:57  Marine  
  39  4:02  Bunker  
  41  4:03  SCV  
  41  4:08  SCV  
  43  4:10  Missile Turret  
  43  4:11  Marine x2  
  43  4:15  SCV  
  46  4:18  Missile Turret  
  46  4:19  Factory Reactor  
  46  4:20  Starport  
  46  4:24  Marine  
  41  4:38  Marine x2  
Tags
 
Add a new tag
Caveats
  • Supply blocks, unpowered buildings, or Contaminate may cause inaccurate times.
  • Supply counts are checked every 10 seconds.